Map: Yellowjacket

Players

치터 칸 (자원)

  • Race: Terran Terran
  • Spawn Location: 9:00

치터 칸 (자원)

  • Race: Zerg Zerg
  • Spawn Location: 7:00

프로브 - Winner!

  • Race: Zerg Zerg
  • Spawn Location: 1:00

jeannysu - Winner!

  • Race: Zerg Zerg
  • Spawn Location: 3:00

VOD

Have the link to the VOD?

Description

Time

  • Played on: Oct. 3, 2025, 6:49 a.m.
  • Length: 18:23
Show
View Real Time Build Order
Export as new Build Order

치터 칸 (자원) Terran 

Build Orders: 1/1/1, Banshee Rush 

Get SALT Encoding   

  12  0:01  SCV  
  13  0:13  SCV  
  14  0:18  Supply Depot  
  14  0:25  SCV  
  15  0:30  Refinery  
  15  0:40  SCV  
  16  0:48  Barracks  
  16  0:52  SCV  
  16  0:56  Refinery  
  17  1:04  SCV  
  18  1:16  SCV  
  19  1:36  Marine  
  19  1:37  Orbital Command, Factory  
  20  1:54  Marine  
  20  1:57  Supply Depot  
  21  2:03  SCV  
  22  2:21  Starport  
  22  2:24  Starport, SCV  
  23  2:36  SCV  
  24  2:39  Supply Depot  
  24  2:48  SCV  
  25  2:58  Starport Tech Lab  
  25  3:01  Starport Tech Lab  
  25  3:13  SCV  
  25  3:15  Cloaking Field, Marine  
  25  3:17  Banshee  
  25  3:19  Banshee  
  30  3:23  Supply Depot  
  30  3:26  SCV  
  34  3:33  Marine  
  35  3:38  SCV  
  36  3:50  Marine, SCV  
  38  3:57  Supply Depot  
  38  4:00  Banshee  
  38  4:02  Banshee, SCV  
  42  4:06  Barracks  
  42  4:09  Barracks Tech Lab  
  45  4:27  Marine  
  45  4:31  Stimpack  
  46  4:32  Command Center  
  46  4:43  Medivac  
  46  4:44  Marine  
  49  4:47  Supply Depot  
  49  4:53  Marine  
  50  5:02  Marine  
  51  5:09  Hellion  
  51  5:12  Barracks Tech Lab  
  53  5:15  Supply Depot  
  53  5:21  Marauder  
  55  5:30  Marine  
  55  5:31  Hellion  
  58  5:39  Barracks  
  58  5:41  Supply Depot, Marine  
  59  5:45  Engineering Bay  
  59  5:47  Marine  
  60  5:51  SCV  
  60  5:52  Hellion  
  60  5:53  SCV  
  61  6:00  Marauder  
  61  6:03  SCV  
  64  6:05  SCV  
  64  6:06  Marauder  
  67  6:12  Terran Infantry Weapons Level 1  
  67  6:14  Hellion  
  67  6:15  SCV  
  67  6:17  SCV  
  71  6:21  Marauder  
  73  6:26  Marine  
  73  6:27  Marine, SCV  
  73  6:29  Supply Depot  
  73  6:30  SCV  
  77  6:35  Hellion  
  77  6:39  SCV  
  80  6:42  Marine, SCV  
  80  6:44  Marine, Barracks Reactor  
  83  6:52  SCV  
  83  6:53  Supply Depot  
  84  6:54  SCV  
  84  6:56  Hellion  
  84  6:59  Combat Shield  
  84  7:00  Marine  
  88  7:03  Marauder  
  88  7:04  SCV  
  88  7:06  SCV  
  88  7:07  Command Center  
  92  7:18  Marauder, Hellion  
  92  7:19  Supply Depot, SCV x2  
  98  7:24  Marauder  
  100  7:38  Engineering Bay  
  100  7:39  Hellion  
  100  7:40  Marauder  
  104  7:45  Supply Depot  
  104  7:46  Marauder  
  106  8:00  Hellion, SCV  
  106  8:01  Marauder, Orbital Command  
  107  8:05  Concussive Shells  
  107  8:07  Marauder, Terran Infantry Armor Level 1  
  107  8:08  Armory  
  107  8:10  Supply Depot  
  109  8:19  Marine x2  
  111  8:22  Marauder, Factory Tech Lab  
  111  8:26  Armory  
  113  8:28  Marine  
  113  8:32  Missile Turret  
  114  8:36  Missile Turret  
  114  8:39  Supply Depot  
  114  8:40  Hellion  
  115  8:42  Barracks, Infernal Pre-Igniter  
  115  8:54  Refinery, Medivac  
  116  9:02  Hellion, Refinery  
  106  9:04  Marauder  
  106  9:08  Marine  
  106  9:09  Marine  
  110  9:11  Command Center  
  110  9:19  Terran Infantry Weapons Level 2  
  110  9:22  Terran Vehicle Weapons Level 1  
  110  9:23  Widow Mine  
  112  9:25  Missile Turret, SCV  
  112  9:27  Raven  
  112  9:28  Raven  
  117  9:33  Supply Depot  
  117  9:34  Marauder  
  117  9:36  Marauder  
  121  9:41  Marine  
  121  9:44  Siege Tank  
  124  9:45  Marine  
  124  9:46  Marine  
  74  9:55  Marine  
  74  9:57  Marine  
  74  9:59  Marine  
  77  10:03  Marine, Medivac  
  77  10:04  Marine  
  81  10:10  Medivac  
  81  10:11  Missile Turret  
  81  10:13  Marauder  
  85  10:15  Marauder  
  85  10:16  Widow Mine  
  85  10:17  Marine  
  90  10:21  Marine x2  
  90  10:25  SCV  
  90  10:26  SCV  
  90  10:27  Factory  
  94  10:29  SCV  
  94  10:34  Marauder, Marine  
  98  10:36  Marine  
  98  10:37  SCV  
  98  10:38  SCV, Siege Tank  
  98  10:39  Marine x2  
  98  10:41  SCV  
  107  10:49  SCV  
  108  10:52  SCV  
  108  10:53  Refinery, SCV  
  108  10:54  Marauder  
  108  10:56  Marauder  
  114  10:59  Missile Turret  
  114  11:01  SCV  
  114  11:04  SCV  
  116  11:05  SCV  
  116  11:10  Widow Mine  
  121  11:11  Widow Mine  
  121  11:13  SCV  
  121  11:16  Marauder, SCV  
  121  11:17  Marauder  
  118  11:25  Command Center  
  118  11:26  SCV  
  118  11:28  SCV  
  118  11:31  Siege Tank  
  118  11:33  Factory Tech Lab  
  118  11:37  Marauder  
  118  11:38  SCV  
  118  11:39  Marauder  
  123  11:40  SCV  
  123  11:41  Supply Depot  
  124  11:49  Barracks  
  124  11:50  SCV  
  124  11:52  Hellion, SCV  
  128  11:59  Marauder  
  128  12:00  Marauder  
  132  12:02  SCV  
  132  12:03  Siege Tank  
  132  12:04  SCV  
  132  12:05  Supply Depot  
  137  12:13  Siege Tank  
  137  12:14  SCV  
  141  12:16  SCV  
  141  12:18  Factory  
  141  12:20  Marauder  
  141  12:21  Marauder  
  146  12:26  SCV  
  146  12:27  Marine  
  146  12:28  SCV  
  146  12:29  Supply Depot  
  148  12:34  Marine  
  148  12:35  Marine, Siege Tank  
  148  12:37  Orbital Command, Marine  
  128  12:41  Marauder  
  128  12:43  Marauder  
  95  12:45  Siege Tank  
  95  12:50  Marine  
  93  12:52  Marine  
  93  12:53  Marine  
  93  12:54  Marine  
  93  12:55  SCV  
  93  12:57  SCV  
  98  13:01  Command Center  
  98  13:02  Hellion  
  98  13:03  Marauder, Marine  
  98  13:04  SCV  
  104  13:07  SCV  
  104  13:08  Hellion, Marine  
  104  13:09  SCV  
  104  13:10  Marine  
  104  13:11  Marine  
  104  13:12  Marine  
  98  13:16  SCV  
  98  13:17  Siege Tank  
  98  13:19  SCV  
  104  13:21  Marine  
  104  13:22  SCV  
  104  13:23  Hellion  
  104  13:24  Marine  
  104  13:26  Marine  
  110  13:27  Refinery  
  110  13:28  Thor, Marine, SCV  
  110  13:29  Marine  
  110  13:30  Marine  
  110  13:32  SCV  
  110  13:34  SCV  
  122  13:40  Marauder, SCV  
  125  13:41  Marine  
  125  13:44  SCV  
  125  13:45  Hellion  
  125  13:46  SCV  
  130  13:49  Siege Tank  
  133  13:56  SCV  
  134  14:06  Hellion  
  136  14:12  Hellion  
  138  14:21  Hellion  
  138  14:23  Fusion Core  
  140  14:26  Refinery  
  140  14:27  Hellion, SCV, Refinery  
  140  14:28  SCV  
  140  14:29  SCV x2  
  139  14:33  Thor  
  139  14:37  Marauder  
  138  14:39  SCV  
  138  14:40  SCV  
  138  14:41  Marauder, SCV  
  138  14:42  Thor, SCV  
  118  14:47  Marine x2  
  118  14:48  Marine x2  
  118  14:49  Hellion  
  118  14:51  SCV  
  118  14:52  SCV  
  96  14:53  SCV  
  96  14:54  SCV  
  96  14:58  Marauder  
  85  15:00  Raven  
  85  15:02  Marine  
  85  15:03  SCV  
  85  15:04  Marine, SCV  
  85  15:05  Missile Turret, Marine x2, SCV  
  85  15:06  SCV  
  93  15:07  Marine  
  93  15:10  Hellion  
  93  15:12  Battlecruiser  
  101  15:15  SCV  
  101  15:16  SCV, Siege Tank  
  101  15:18  Planetary Fortress  
  101  15:19  Marine  
  101  15:20  Marine, SCV  
  109  15:22  Marine  
  109  15:23  Marine x2  
  109  15:25  Marine  
  109  15:26  Hellion  
  109  15:27  SCV  
  116  15:29  SCV  
  116  15:32  Hellion, SCV  
  120  15:37  Marine  
  120  15:38  Marine  
  120  15:39  SCV  
  120  15:40  Marine  
  120  15:41  Marine x2  
  120  15:42  SCV  
  127  15:44  SCV  
  127  15:47  Hellion  
  127  15:48  Siege Tank  
  132  15:51  SCV  
  132  15:53  Hellion  
  132  15:54  SCV  
  132  15:55  Marauder  
  132  15:56  Marauder, SCV  
  139  16:00  Marine  
  139  16:01  Marine x2, SCV  
  139  16:02  Marine  
  127  16:07  SCV  
  127  16:08  Siege Tank, SCV  
  127  16:09  SCV  
  89  16:13  SCV  
  89  16:14  Hellion  
  89  16:16  Marine  
  89  16:17  Marauder  
  89  16:18  Marine x2  
  79  16:19  Marine, SCV  
  79  16:20  Thor, Marine  
  79  16:21  SCV  
  79  16:23  Raven  
  87  16:26  SCV  
  87  16:31  SCV  
  83  16:32  Refinery  
  83  16:33  SCV  
  83  16:34  Marine  
  83  16:36  Hellion, Marine  
  83  16:37  Marine x2  
  83  16:38  SCV  
  83  16:39  Marauder  
  84  16:40  Hellion  
  84  16:43  SCV  
  84  16:45  SCV  
  70  16:50  SCV  
  70  16:52  Marauder  
  68  16:55  Marine, SCV  
  68  16:57  Hellion, SCV  
  68  17:00  Marauder  
  73  17:01  Siege Tank  
  73  17:02  SCV  
  73  17:07  SCV  
  67  17:09  SCV  
  67  17:13  Marine  
  67  17:14  SCV  
  66  17:16  Command Center  
  66  17:18  Hellion  
  65  17:23  SCV  
  65  17:26  SCV  
  62  17:31  Marine  
  62  17:34  Supply Depot  
  62  17:36  Supply Depot  
  69  17:40  Hellion  
  62  17:48  Barracks  
  59  17:52  Supply Depot  
  59  17:57  Missile Turret  
  39  18:05  Starport  
Show
View Real Time Build Order
Export as new Build Order

치터 칸 (자원) Zerg 

Build Orders: Pool First 

Get SALT Encoding   

  12  0:01  Drone  
  13  0:12  Overlord  
  13  0:16  Drone  
  14  0:30  Drone x2  
  14  0:34  Drone  
  17  0:47  Drone, Spawning Pool  
  17  1:07  Hatchery  
  16  1:12  Drone  
  16  1:13  Extractor  
  16  1:16  Drone  
  17  1:18  Extractor  
  17  1:21  Drone  
  17  1:28  Drone  
  18  1:38  Drone  
  19  1:49  Overlord  
  19  1:50  Queen  
  21  2:00  Zergling x2  
  22  2:10  Drone  
  23  2:18  Queen  
  23  2:19  Drone  
  23  2:21  Drone  
  27  2:29  Drone  
  28  2:32  Drone  
  29  2:45  Drone, Roach Warren  
  29  2:50  Drone  
  30  2:54  Zergling x2  
  30  2:56  Zergling x2  
  32  3:02  Overlord  
  32  3:05  Drone  
  33  3:08  Drone  
  34  3:27  Roach x3  
  36  3:28  Roach  
  36  3:31  Lair  
  42  3:36  Overlord  
  42  3:41  Overlord  
  42  3:44  Zergling x2  
  42  3:47  Zergling x2  
  44  3:54  Zergling x2, Drone x2  
  47  3:56  Drone  
  47  3:58  Drone  
  47  4:01  Drone  
  50  4:05  Overlord  
  50  4:08  Roach  
  52  4:12  Roach  
  52  4:14  Roach  
  56  4:18  Roach  
  56  4:20  Overlord  
  58  4:26  Drone  
  58  4:27  Drone  
  58  4:30  Roach  
  62  4:32  Roach  
  62  4:34  Drone, Hydralisk Den  
  62  4:37  Overlord  
  64  5:02  Hydralisk x2  
  64  5:03  Overlord  
  64  5:04  Hydralisk x3  
  64  5:05  Hydralisk x2, Drone  
  64  5:07  Drone  
  80  5:08  Drone  
  80  5:10  Drone  
  80  5:13  Drone  
  83  5:15  Drone  
  84  5:24  Overlord  
  84  5:26  Drone  
  85  5:32  Drone, Infestation Pit  
  85  5:33  Drone x2  
  87  5:36  Drone x2  
  87  5:37  Drone  
  87  5:42  Drone, Overlord  
  91  5:43  Baneling Nest, Metabolic Boost  
  91  5:47  Drone  
  91  5:48  Evolution Chamber  
  90  5:51  Drone  
  90  5:54  Hatchery  
  90  5:59  Drone  
  91  6:10  Evolution Chamber, Infestor  
  92  6:12  Extractor  
  92  6:13  Drone, Infestor  
  92  6:15  Evolution Chamber  
  92  6:16  Drone, Zerg Missile Weapons Level 1  
  94  6:18  Extractor  
  94  6:20  Drone  
  94  6:27  Baneling x2  
  94  6:28  Baneling x2  
  94  6:29  Baneling  
  94  6:32  Baneling  
  94  6:35  Drone  
  94  6:36  Drone, Zerg Melee Weapons Level 1, Overlord, Baneling  
  94  6:38  Baneling  
  96  6:40  Drone  
  96  6:41  Drone x2  
  96  6:42  Zergling x2, Baneling  
  100  6:49  Centrifugal Hooks  
  100  6:54  Overlord, Roach x2  
  104  6:55  Roach  
  106  7:04  Spine Crawler  
  106  7:05  Drone  
  106  7:06  Spine Crawler  
  106  7:07  Drone x2  
  106  7:08  Drone x3, Zerg Ground Armor Level 1  
  109  7:09  Drone  
  109  7:10  Drone  
  109  7:11  Drone x3  
  109  7:12  Overlord, Baneling  
  109  7:15  Overseer  
  115  7:17  Drone  
  115  7:18  Ravager  
  115  7:21  Extractor  
  115  7:22  Drone  
  117  7:23  Drone  
  117  7:27  Drone  
  117  7:28  Ravager, Extractor  
  119  7:32  Drone  
  119  7:34  Drone  
  121  7:38  Drone  
  121  7:39  Overlord, Roach  
  121  7:40  Baneling, Roach  
  121  7:42  Drone, Infestor  
  121  7:43  Zergling x2  
  131  7:44  Drone  
  131  7:46  Drone  
  131  7:49  Drone  
  133  7:54  Drone, Baneling, Spore Crawler  
  133  7:55  Baneling  
  133  7:56  Zergling x2  
  133  7:57  Spore Crawler  
  133  7:59  Overlord  
  133  8:00  Queen  
  133  8:02  Neural Parasite  
  136  8:05  Drone  
  136  8:07  Drone, Glial Reconstitution  
  136  8:10  Drone, Infestor  
  136  8:11  Drone x2  
  142  8:13  Spine Crawler  
  142  8:14  Drone  
  142  8:15  Drone x2  
  142  8:18  Overlord  
  144  8:21  Hydralisk  
  144  8:23  Baneling x2  
  144  8:24  Zergling x2  
  146  8:38  Overlord  
  146  8:40  Hydralisk  
  147  8:42  Hydralisk, Spine Crawler  
  147  8:44  Hydralisk  
  147  8:45  Lurker Den  
  147  8:47  Zergling x2  
  147  8:48  Hydralisk, Spore Crawler  
  137  8:49  Drone, Queen  
  137  8:50  Zergling x2  
  137  8:51  Roach  
  137  8:52  Hydralisk  
  137  8:53  Zerg Missile Weapons Level 2  
  133  8:57  Roach  
  133  8:59  Drone  
  133  9:00  Drone, Roach  
  133  9:01  Roach  
  133  9:02  Roach  
  125  9:10  Infestor  
  125  9:11  Roach  
  125  9:13  Roach  
  125  9:16  Roach  
  133  9:17  Roach  
  133  9:19  Drone, Spine Crawler  
  133  9:23  Spine Crawler  
  132  9:24  Drone, Hatchery  
  132  9:25  Roach  
  132  9:26  Drone  
  132  9:31  Hydralisk  
  133  9:32  Queen  
  133  9:35  Roach  
  133  9:37  Roach  
  141  9:41  Spine Crawler  
  141  9:42  Roach  
  141  9:43  Drone, Overlord, Roach  
  147  9:45  Roach  
  147  9:46  Hydralisk, Roach  
  147  9:48  Ravager  
  147  9:51  Zergling x4, Ravager  
  143  9:53  Zergling x2  
  143  9:56  Zergling x2  
  143  9:59  Infestor  
  147  10:02  Spore Crawler  
  147  10:04  Infestor  
  147  10:06  Spore Crawler  
  147  10:07  Zergling x2  
  148  10:10  Zergling x2, Spore Crawler  
  148  10:15  Spine Crawler, Baneling  
  148  10:16  Zergling x2, Baneling  
  148  10:17  Baneling  
  148  10:18  Zergling x2, Baneling  
  148  10:19  Baneling x2, Spore Crawler  
  148  10:20  Baneling x2  
  148  10:21  Baneling  
  148  10:22  Zergling x4  
  148  10:23  Zergling x2, Spine Crawler  
  148  10:26  Baneling  
  148  10:27  Zergling x2, Baneling, Spore Crawler  
  148  10:28  Lurker, Ravager, Zerg Ground Armor Level 2, Baneling, Hydralisk  
  152  10:29  Pneumatized Carapace  
  152  10:30  Burrow  
  152  10:35  Lurker  
  155  10:36  Roach  
  155  10:37  Drone  
  155  10:38  Drone  
  155  10:39  Drone, Overlord, Roach  
  155  10:40  Drone  
  155  10:41  Drone, Overseer  
  155  10:42  Drone  
  165  10:43  Drone  
  165  10:44  Drone  
  165  10:45  Drone  
  165  10:49  Hydralisk, Roach  
  172  10:51  Overseer  
  172  10:54  Extractor  
  172  10:56  Hatchery  
  170  10:57  Drone x2, Extractor  
  170  10:58  Drone, Overlord  
  170  10:59  Ravager  
  170  11:00  Roach  
  170  11:03  Spine Crawler  
  174  11:05  Drone  
  174  11:06  Baneling  
  174  11:07  Baneling  
  174  11:08  Baneling  
  174  11:09  Hydralisk, Baneling  
  174  11:10  Hydralisk  
  179  11:12  Zergling x2  
  179  11:13  Zerg Melee Weapons Level 2  
  179  11:14  Zergling x2  
  179  11:15  Roach  
  183  11:19  Zergling x2, Hive  
  183  11:22  Zergling x2  
  183  11:27  Zergling x2, Hydralisk  
  183  11:29  Drone  
  183  11:30  Drone  
  183  11:31  Hydralisk  
  183  11:32  Hydralisk  
  188  11:36  Roach  
  188  11:37  Hydralisk  
  188  11:39  Drone x2  
  181  11:40  Drone  
  181  11:41  Drone x2  
  181  11:42  Overlord  
  181  11:43  Drone  
  181  11:44  Drone  
  181  11:45  Drone x2  
  181  11:46  Drone  
  181  11:49  Drone  
  181  11:50  Baneling  
  181  11:53  Spine Crawler  
  181  11:56  Drone  
  181  12:00  Drone  
  183  12:01  Overlord  
  183  12:03  Roach  
  183  12:04  Hydralisk  
  183  12:05  Hydralisk  
  183  12:07  Hydralisk  
  191  12:09  Hydralisk  
  191  12:10  Hydralisk  
  191  12:11  Hydralisk  
  191  12:15  Ravager, Hatchery, Baneling  
  186  12:16  Baneling  
  186  12:17  Drone, Spire  
  186  12:18  Drone, Baneling, Extractor  
  186  12:19  Drone  
  187  12:22  Extractor  
  187  12:25  Drone  
  187  12:30  Hydralisk  
  187  12:32  Hydralisk, Viper  
  187  12:33  Spine Crawler, Zerg Missile Weapons Level 3  
  187  12:34  Drone  
  194  12:53  Zerg Ground Armor Level 3  
  194  13:00  Baneling  
  194  13:01  Baneling  
  194  13:06  Roach x2  
  194  13:12  Hydralisk  
  194  13:13  Roach  
  194  13:14  Zergling x2  
  194  13:15  Spore Crawler  
  194  13:17  Drone, Hydralisk  
  194  13:18  Zergling x2, Infestor  
  194  13:19  Infestor, Viper  
  190  13:20  Infestor  
  190  13:21  Zergling x4  
  190  13:22  Zergling x4  
  190  13:23  Hydralisk  
  190  13:24  Hydralisk, Mutalisk  
  190  13:25  Hydralisk, Corruptor  
  190  13:26  Zergling x2, Mutalisk, Corruptor  
  172  13:27  Greater Spire, Zergling x2  
  172  13:28  Roach  
  172  13:29  Roach  
  172  13:30  Roach  
  172  13:31  Queen  
  172  13:32  Mutalisk  
  172  13:33  Roach  
  172  13:35  Zergling x2  
  172  13:36  Mutalisk, Roach  
  172  13:38  Hydralisk  
  172  13:39  Hydralisk  
  172  13:41  Zergling x4  
  155  13:42  Mutalisk  
  155  13:44  Zergling x2  
  155  13:47  Drone, Spine Crawler  
  155  13:48  Mutalisk  
  146  13:49  Drone  
  146  13:50  Drone x5, Mutalisk  
  146  13:51  Drone, Zergling x2  
  146  13:52  Drone, Mutalisk, Spine Crawler  
  146  13:53  Drone  
  146  13:55  Drone  
  144  13:56  Drone  
  144  13:58  Drone, Roach x2, Spore Crawler  
  144  14:00  Drone, Mutalisk  
  144  14:01  Infestor  
  144  14:02  Roach x2  
  151  14:03  Spine Crawler  
  151  14:05  Zergling x2, Mutalisk  
  151  14:06  Zergling x2, Drone  
  151  14:07  Drone  
  151  14:09  Drone x2, Corruptor, Spine Crawler  
  134  14:10  Drone  
  134  14:11  Zergling x2, Hatchery  
  134  14:12  Drone  
  133  14:17  Mutalisk  
  133  14:19  Hydralisk, Mutalisk  
  133  14:21  Roach x2  
  133  14:22  Roach  
  110  14:25  Spore Crawler  
  110  14:26  Drone  
  110  14:28  Drone, Roach  
  110  14:29  Drone x2, Corruptor  
  110  14:30  Drone x3, Roach  
  110  14:31  Roach x2  
  106  14:32  Roach  
  106  14:33  Zergling x2, Hydralisk, Drone  
  106  14:34  Hydralisk, Drone x2  
  106  14:35  Drone x5, Mutalisk  
  110  14:38  Mutalisk  
  110  14:39  Drone  
  110  14:42  Zergling x2, Mutalisk, Hydralisk  
  110  14:44  Drone, Roach  
  103  14:46  Hydralisk  
  103  14:47  Drone x2  
  103  14:50  Drone, Spore Crawler  
  103  14:51  Drone x2  
  103  14:52  Drone x2  
  102  14:53  Drone x2  
  102  14:57  Hatchery  
  102  14:58  Drone, Mutalisk x2  
  101  15:01  Drone  
  101  15:02  Drone, Spore Crawler  
  101  15:03  Roach  
  101  15:04  Mutalisk, Roach  
  101  15:05  Drone, Roach  
  104  15:08  Drone  
  104  15:12  Roach  
  99  15:15  Drone, Roach  
  99  15:16  Zergling x2  
  99  15:19  Queen, Zerg Flyer Weapons Level 1  
  105  15:22  Spine Crawler  
  105  15:23  Zergling x2  
  105  15:25  Drone x2  
  105  15:26  Drone, Mutalisk x2  
  105  15:27  Mutalisk  
  105  15:28  Drone  
  106  15:31  Mutalisk  
  106  15:32  Hydralisk, Drone  
  106  15:33  Hydralisk  
  106  15:35  Hydralisk  
  109  15:38  Drone  
  109  15:40  Drone  
  112  15:44  Zergling x2  
  112  15:46  Drone  
  112  15:48  Drone x2  
  114  15:55  Drone  
  114  15:56  Roach x2  
  104  15:57  Roach  
  104  15:58  Zergling x2  
  104  15:59  Roach  
  104  16:00  Roach  
  104  16:01  Roach x2  
  104  16:02  Roach  
  100  16:05  Zergling x2  
  100  16:07  Hydralisk  
  100  16:09  Drone x6  
  100  16:10  Hydralisk  
  100  16:11  Corruptor  
  91  16:12  Drone x2  
  91  16:15  Hydralisk  
  91  16:17  Drone  
  91  16:18  Corruptor  
  80  16:21  Drone x7, Hydralisk  
  80  16:22  Drone  
  80  16:24  Drone  
  80  16:25  Zergling x2, Roach  
  73  16:27  Zergling x2  
  73  16:29  Drone  
  73  16:30  Drone  
  68  16:33  Roach x2  
  58  16:41  Queen  
  58  16:42  Hydralisk, Roach x2  
  57  16:51  Zergling x2  
  57  16:52  Zergling x2  
  53  16:55  Roach  
  53  16:57  Hydralisk  
  53  16:58  Queen  
  53  17:00  Hatchery  
  53  17:06  Drone  
  49  17:19  Hatchery  
  49  17:21  Drone  
  43  17:24  Drone x2  
  43  17:28  Drone  
  32  17:31  Drone  
  32  17:32  Drone  
  32  17:35  Drone  
  32  17:36  Drone  
  26  17:39  Spawning Pool  
Show
View Real Time Build Order
Export as new Build Order

프로브 Zerg - Winner!

Build Orders: Hatch First 

Get SALT Encoding   

  12  0:00  Drone  
  13  0:12  Overlord  
  13  0:17  Drone  
  14  0:32  Drone x2  
  16  0:43  Drone  
  17  0:54  Drone, Hatchery  
  17  1:05  Drone  
  17  1:09  Extractor  
  17  1:15  Spawning Pool  
  17  1:17  Drone  
  17  1:31  Drone x2  
  19  1:43  Overlord  
  19  1:57  Drone  
  20  2:01  Queen  
  20  2:08  Queen  
  22  2:09  Zergling x2  
  22  2:10  Drone  
  22  2:11  Drone  
  27  2:19  Metabolic Boost  
  27  2:29  Zergling x2  
  28  2:31  Drone  
  28  2:32  Overlord  
  29  2:40  Queen  
  31  2:44  Drone  
  31  2:51  Overlord  
  32  3:01  Queen  
  32  3:04  Drone x2  
  36  3:11  Baneling Nest  
  35  3:17  Lair  
  35  3:28  Hatchery  
  34  3:37  Queen  
  34  3:38  Drone x2  
  38  3:48  Drone x3  
  38  3:49  Drone  
  38  3:50  Extractor  
  41  4:06  Drone x3  
  41  4:07  Overlord x2  
  44  4:23  Extractor  
  44  4:24  Extractor  
  42  4:26  Drone x6, Evolution Chamber  
  42  4:28  Evolution Chamber  
  46  4:32  Zergling x4  
  46  4:35  Centrifugal Hooks  
  46  4:37  Drone  
  49  4:50  Queen  
  49  4:51  Drone  
  49  4:52  Overlord  
  52  4:54  Zerg Melee Weapons Level 1  
  52  4:57  Drone  
  52  4:58  Drone  
  54  5:01  Zergling x4  
  54  5:02  Zergling x2  
  57  5:13  Spore Crawler  
  56  5:16  Spore Crawler  
  56  5:19  Queen  
  56  5:21  Drone x2  
  59  5:30  Zergling x8  
  59  5:31  Overlord x2  
  63  5:44  Zerg Missile Weapons Level 1  
  63  5:46  Drone x6  
  69  5:54  Drone x4  
  72  6:03  Drone x5  
  77  6:16  Baneling x4  
  77  6:17  Baneling x2  
  77  6:28  Drone  
  77  6:29  Drone x10  
  77  6:31  Hatchery  
  87  6:35  Extractor  
  87  6:38  Extractor, Hydralisk Den  
  84  6:42  Infestation Pit  
  83  6:53  Zergling x2, Overlord  
  83  6:54  Zergling x2, Overlord x5  
  85  7:14  Roach Warren  
  85  7:15  Zerg Melee Weapons Level 2  
  84  7:17  Pneumatized Carapace  
  84  7:20  Drone x5, Overlord  
  84  7:21  Drone x5  
  84  7:22  Zergling x4  
  96  7:31  Muscular Augments  
  96  7:33  Hive  
  96  7:36  Zergling x2  
  96  7:37  Zergling x6  
  100  7:40  Hydralisk  
  102  7:54  Hydralisk x2  
  102  7:55  Hydralisk x5  
  116  8:01  Zerg Ground Armor Level 1  
  116  8:12  Hydralisk  
  116  8:13  Hydralisk x3  
  116  8:14  Zergling x16  
  132  8:25  Zergling x8  
  136  8:35  Grooved Spines  
  136  8:36  Baneling x13  
  136  8:37  Zergling x16  
  128  8:50  Zergling x2  
  128  8:51  Zergling x10  
  115  9:01  Zergling x2, Hydralisk x2  
  115  9:02  Hydralisk, Zergling x4  
  112  9:11  Baneling  
  112  9:12  Zergling x2, Baneling x12  
  112  9:13  Zergling x18  
  112  9:16  Overseer  
  122  9:20  Zergling x4  
  122  9:21  Zergling x4  
  122  9:22  Queen  
  129  9:38  Zergling x2, Hatchery  
  129  9:39  Zergling x16  
  129  9:41  Adrenal Glands  
  129  10:00  Drone  
  129  10:01  Drone x9  
  129  10:03  Extractor  
  129  10:04  Extractor  
  137  10:16  Lurker Den  
  137  10:18  Ultralisk Cavern  
  137  10:20  Baneling x3  
  137  10:21  Baneling x16  
  135  10:29  Zerg Ground Armor Level 2  
  135  10:32  Drone x2  
  135  10:33  Drone x2  
  139  10:44  Hydralisk x2  
  139  10:46  Overlord x4  
  139  10:47  Overlord x8  
  143  10:55  Drone  
  144  11:00  Baneling x5  
  144  11:01  Hydralisk x2  
  144  11:02  Hydralisk  
  144  11:03  Overseer x2  
  150  11:12  Chitinous Plating  
  150  11:17  Unknown  
  150  11:22  Hydralisk  
  150  11:23  Hydralisk x6  
  150  11:24  Zergling x10  
  150  11:25  Zergling x6  
  169  11:37  Hydralisk x3  
  169  11:38  Zergling x2  
  169  11:39  Zergling x12  
  177  11:52  Zerg Melee Weapons Level 3  
  177  11:57  Queen  
  179  12:06  Ultralisk  
  179  12:07  Ultralisk x2  
  197  12:08  Zergling x2  
  197  12:09  Zergling x4  
  200  12:16  Extractor x2  
  196  12:30  Viper x2  
  196  12:31  Anabolic Synthesis  
  196  12:33  Zergling x2  
  196  12:34  Zergling x18  
  196  12:35  Zergling x2  
  189  12:37  Zergling x12  
  189  12:38  Zergling x14  
  194  12:46  Adaptive Talons  
  194  12:53  Drone x6  
  165  13:21  Zergling x10  
  165  13:22  Zergling x26  
  157  13:27  Ultralisk  
  157  13:28  Ultralisk x4  
  173  13:37  Neural Parasite  
  173  13:39  Zergling x2  
  173  13:40  Zergling x22  
  183  13:43  Lurker x3  
  183  13:44  Seismic Spines  
  181  13:49  Zerg Missile Weapons Level 2  
  181  13:57  Zergling x2  
  181  13:58  Zergling x24  
  181  14:02  Drone  
  190  14:24  Hatchery, Baneling x9  
  182  14:27  Ultralisk  
  182  14:28  Ultralisk x2  
  182  14:29  Zergling x2  
  182  14:30  Zergling x10  
  170  14:46  Zergling x2  
  170  14:47  Zergling x28  
  182  14:55  Zergling x16  
  182  14:59  Zerg Ground Armor Level 3  
  158  15:09  Hydralisk  
  158  15:10  Hydralisk x6  
  168  15:16  Overseer x2  
  168  15:17  Overseer x2  
  165  15:27  Zergling x2  
  165  15:28  Zergling x24  
  177  15:35  Lurker, Baneling  
  177  15:36  Baneling x12  
  177  15:39  Hydralisk x2  
  182  15:53  Hydralisk  
  182  15:54  Hydralisk x5  
  182  15:55  Zergling x2  
  179  16:07  Zergling x2  
  179  16:08  Zergling x18  
  186  16:13  Drone x4  
  186  16:16  Queen  
  192  16:20  Zergling x6  
  192  16:21  Zergling x2  
  170  16:41  Zergling x2  
  170  16:42  Zergling x26  
  170  16:43  Zergling x16  
  192  16:47  Microbial Shroud  
  190  17:03  Zergling x4  
  190  17:04  Zergling x16  
  198  17:15  Extractor  
  193  17:17  Extractor  
  192  17:26  Ultralisk  
  192  17:27  Roach  
  198  17:31  Baneling x11  
  198  17:32  Baneling x12  
  191  17:37  Zergling x2  
  191  17:38  Zergling x16  
  191  17:39  Spire  
  191  17:40  Spire  
  186  17:56  Zergling x26  
  186  17:57  Zergling x10  
Show
View Real Time Build Order
Export as new Build Order

jeannysu Zerg - Winner!

Build Orders: Hatch First 

Get SALT Encoding   

  12  0:02  Drone  
  13  0:08  Drone  
  14  0:15  Drone, Extractor  
  15  0:22  Overlord  
  15  0:48  Drone, Hatchery  
  15  0:54  Drone  
  15  0:56  Drone  
  17  1:04  Drone  
  17  1:09  Extractor  
  17  1:18  Spawning Pool  
  16  1:20  Drone  
  16  1:23  Drone  
  18  1:31  Drone  
  19  1:42  Drone  
  20  1:52  Overlord  
  20  2:04  Queen x2  
  20  2:05  Zergling x2  
  20  2:07  Zergling x2  
  26  2:13  Drone  
  26  2:15  Drone  
  28  2:23  Metabolic Boost  
  28  2:27  Drone x2  
  30  2:33  Drone  
  30  2:35  Drone  
  32  2:45  Queen  
  34  2:58  Drone  
  35  3:00  Drone  
  35  3:05  Overlord  
  36  3:08  Hatchery  
  35  3:28  Drone x6  
  41  3:39  Overlord  
  41  3:41  Drone x2  
  42  3:43  Drone  
  44  4:00  Lair  
  44  4:10  Drone  
  44  4:11  Drone x6  
  51  4:18  Extractor  
  51  4:19  Extractor  
  51  4:23  Zergling x10  
  54  4:32  Overlord  
  54  4:33  Extractor, Queen  
  54  4:36  Drone, Overlord  
  54  4:37  Overlord  
  56  4:47  Hatchery  
  56  4:48  Baneling Nest  
  56  4:50  Drone x4  
  56  4:51  Drone  
  59  4:55  Drone x4  
  59  4:58  Overseer  
  63  5:09  Evolution Chamber, Queen  
  63  5:12  Burrow, Spore Crawler  
  63  5:18  Spore Crawler  
  63  5:19  Spore Crawler  
  61  5:48  Spore Crawler  
  61  5:49  Zergling x4  
  66  5:50  Zergling x18  
  71  6:02  Drone  
  71  6:03  Drone x2  
  75  6:04  Drone  
  75  6:07  Drone, Overlord  
  76  6:12  Overseer  
  76  6:14  Zergling x4  
  78  6:19  Infestation Pit  
  78  6:21  Zerg Ground Armor Level 1  
  78  6:22  Queen  
  79  6:29  Queen  
  79  6:30  Drone  
  79  6:31  Drone x5  
  87  6:33  Zergling x2  
  87  6:37  Baneling x2  
  87  6:38  Baneling x11  
  87  6:39  Overlord, Baneling x7  
  88  6:47  Centrifugal Hooks  
  88  6:50  Queen  
  88  6:51  Extractor x2  
  88  7:06  Overlord  
  88  7:12  Drone  
  88  7:13  Drone x10  
  99  7:23  Drone  
  100  7:32  Hive  
  100  7:33  Infestor  
  102  7:42  Extractor x2  
  100  7:46  Overlord x5  
  100  8:02  Zergling x8  
  100  8:03  Zergling x4  
  104  8:20  Drone x3  
  104  8:21  Drone x8  
  106  8:50  Zergling x2  
  106  8:51  Zergling x30  
  106  8:54  Zerg Ground Armor Level 2  
  106  8:55  Adrenal Glands  
  86  9:10  Zergling x2  
  86  9:11  Zergling x22  
  93  9:17  Baneling  
  93  9:18  Baneling x22  
  93  9:19  Baneling x3  
  92  9:26  Queen  
  92  9:27  Queen  
  68  9:58  Ultralisk Cavern, Microbial Shroud  
  67  10:13  Pneumatized Carapace  
  67  10:18  Hatchery  
  66  10:24  Hatchery  
  65  10:36  Hatchery  
  64  10:44  Infestor x5  
  64  10:46  Zergling x2, Extractor  
  64  10:47  Zergling x24  
  86  10:55  Chitinous Plating  
  86  11:00  Evolution Chamber  
  85  11:08  Drone  
  85  11:09  Drone x6  
  84  11:25  Zergling x2  
  84  11:26  Zergling x8  
  87  11:41  Zergling x2  
  87  11:43  Ultralisk x2  
  100  11:55  Queen  
  100  11:56  Queen  
  100  11:57  Drone  
  100  11:58  Drone x12  
  100  11:59  Overlord x2  
  117  12:07  Zergling x2  
  117  12:08  Zergling x4  
  119  12:14  Anabolic Synthesis  
  115  12:23  Zerg Melee Weapons Level 1, Zerg Ground Armor Level 3  
  115  12:25  Ultralisk  
  92  12:37  Infestor  
  92  12:41  Zergling x2  
  92  12:42  Zergling x30  
  109  12:51  Drone x5  
  112  12:53  Extractor x2, Queen  
  112  12:56  Zergling x2  
  112  12:57  Zergling x4  
  117  13:15  Zergling x4  
  117  13:16  Zergling x24  
  131  13:20  Baneling x5  
  115  13:47  Infestor x4  
  123  13:53  Zergling x2  
  123  13:54  Zergling x28  
  133  14:04  Drone x2  
  133  14:06  Overlord x6  
  133  14:09  Drone  
  117  14:34  Drone  
  117  14:44  Ultralisk x5  
  122  15:00  Zergling x2  
  122  15:01  Zergling x24  
  135  15:20  Drone  
  135  15:21  Drone x15  
  144  15:25  Extractor x2  
  147  15:34  Hatchery  
  138  15:37  Zergling x14, Extractor  
  139  15:44  Ultralisk  
  139  15:53  Zergling x18, Infestor x4  
  141  16:21  Ultralisk x4  
  141  16:23  Zergling x2  
  141  16:24  Zergling x14  
  141  16:25  Infestor x4  
  173  16:44  Zergling x20  
  179  17:08  Overlord  
  176  17:16  Drone  
  176  17:17  Drone x11  
  176  17:19  Overlord  
  176  17:20  Overlord x5  
  183  17:44  Zergling x2  
  183  17:45  Zergling x32  
  199  18:00  Extractor  
  199  18:04  Zergling x4  
Tags
 
Add a new tag
Caveats
  • Supply blocks, unpowered buildings, or Contaminate may cause inaccurate times.
  • Supply counts are checked every 10 seconds.